 Dungeon Crawl Stone Soup version 0.30-a0-737-gf23d94013f (webtiles) character file.

Game seed: 13884842550419892739

6 elagabalus the Trooper (level 1, 19/19 HPs)
             Began as an Armataur Monk on Feb 1, 2023.
             Quit the game on level 1 of the Dungeon.
             The game lasted 00:02:30 (384 turns).

elagabalus the Trooper (Armataur Monk)               Turns: 384, Time: 00:02:31

Health: 19/19      AC:  7    Str: 16    XL:     1   Next: 75%
Magic:  1/1        EV:  5    Int: 10    God:
Gold:   0          SH:  0    Dex: 12    Spells: 0/0 levels left

rFire   . . .      SeeInvis .    a - +0 spear
rCold   . . .      Faith    .    (no shield)
rNeg    . . .      Spirit   .    d - +0 chain mail
rPois   .          Reflect  .    (no helmet)
rElec   .          Harm     .    (no cloak)
rCorr   .          Roll     +    (no gloves)
Will    .....                    (no barding) Stlth
                                 (no amulet)
HPRegen 0.23/turn                (no ring)
MPRegen 0.07/turn                (no ring)

@: no status effects
A: large, rugged brown scales 3, deformed body, armoured tail, roll, long
tongue, awkward tongue
a: no special abilities


You were on level 1 of the Dungeon.
You visited 1 branch of the dungeon, and saw 1 of its levels.

Inventory:

Hand Weapons
 a - a +0 spear (weapon)
Armour
 b - a +0 robe
 d - a +0 chain mail (worn)
Scrolls
 e - 2 scrolls of immolation {unknown}
 g - 2 scrolls of identify {unknown}
 i - a scroll of fog {unknown}
Potions
 c - a potion of ambrosia
 f - a potion of degeneration {unknown}
 h - a potion of mutation {unknown}
 j - a potion of heal wounds {unknown}


   Skills:
 + Level 2.8 Fighting
 * Level 2.7 Polearms
 - Level 2.1 Dodging
 - Level 2.1 Stealth


You couldn't memorise any spells.
You didn't know any spells.
Your spell library was empty.

Dungeon Overview and Level Annotations

Branches:
Dungeon (1/15)

Altars:


Innate Abilities, Weirdness & Mutations

You are completely covered in rugged brown scales. (AC +3, +7% HP)
Armour fits poorly on your strangely shaped body.
You have a long armoured tail.
You roll when moving toward enemies. (Rampage)
Your long tongue fully drains potion bottles. (2x potion effects)
Your tongue gives you trouble enunciating. (1.5x scroll delay)


Message History

Found a scroll labelled QECENE MUSA.
h - a puce potion
i - a scroll labelled QECENE MUSA
Found a pair of boots.
You see here a +0 pair of boots.
Found a flail.
You open the door.
There is an open door here.
A giant cockroach comes into view.
Found a scroll labelled JIRRUEBITE.
You barely miss the giant cockroach. You tail-slap the giant cockroach.
You kill the giant cockroach!
g - 2 scrolls labelled JIRRUEBITE (gained 1)
You open the door.
There is an open door here.
There is an open door here.
Found a stone staircase leading down.
You open the door.
Found a grey potion.
There is an open door here.
A giant cockroach comes into view.
The giant cockroach barely misses you.
The giant cockroach bites you but does no damage.
You hit the giant cockroach.
You kill the giant cockroach!
j - a grey potion A hobgoblin comes into view.
The hobgoblin shouts!
You roll towards the hobgoblin!
Found a runed mace.
You roll towards the hobgoblin!
The hobgoblin hits you but does no damage.
You hit the hobgoblin.
The hobgoblin is heavily wounded.
The hobgoblin hits you.
You barely miss the hobgoblin.
The hobgoblin is heavily wounded.
The hobgoblin hits you but does no damage.
You hit the hobgoblin.
You kill the hobgoblin!
Are you sure you want to abandon this character and quit the game? (Confirm with "yes".)

#.......#
########.......#
#..............#
#..............#
#)......#....#'##
#.......+.......#
#.......###.....#
#....†..# #.....#
#.....@.###.....#
#...............#
#.####..........#
#..........#
#..........#
#.....######
#.....# #######


There were no monsters in sight!

Vanquished Creatures
  3 giant cockroaches (D:1)
  A hobgoblin (D:1)
  A frilled lizard (D:1)
5 creatures vanquished.

Notes
Turn   | Place    | Note
-------+----------+-------------------------------------------
     0 | D:1      | elagabalus the Armataur Monk began the quest for the Orb.
     0 | D:1      | Reached XP level 1. HP: 19/19 MP: 1/1
   384 | D:1      | Quit the game

Illustrated notes

Levels and vault maps discovered:
D:1:      dpeg_arrival_chambers_temple_mockup, layout_basic

Action                     || total
---------------------------++-------
  Melee: Spear             ||    22
         Tailslap          ||     1
 Armour: Chain mail        ||    11
  Dodge: Dodged            ||     4

Table legend: (Time is in decaauts)
 A = Elapsed time spent in this place.
 B = Non-inter-level travel time spent in this place.
 C = Inter-level travel time spent in this place.
 D = Time resting spent in this place.
 E = Time spent auto-exploring this place.
 F = Levels seen in this place.
 G = Mean time per level.
                   A        B        C        D        E       F      G
               +--------+--------+--------+--------+--------+-----+--------+
         Total |    383 |     69 |    314 |      0 |      0 |   1 |  383.0 |
       Dungeon |    383 |     69 |    314 |      0 |      0 |   1 |  383.0 |
               +--------+--------+--------+--------+--------+-----+--------+

Top non-repeatable levels by time:
     D:1: 383 daAuts
